 Dungeon Crawl Stone Soup version 0.30-a0-930-gb9d0489357 (webtiles) character file.

Game seed: 15097173520467468021

5602 Esekla the Thaumaturge (level 11, -8/81 HPs)
             Began as a Formicid Cinder Acolyte on Mar 22, 2023.
             Was a High Priest of Ignis.
             Mangled by a centaur warrior (14 damage)
             ... on level 13 of the Dungeon on Mar 23, 2023.
             The game lasted 01:04:57 (12582 turns).

Esekla the Thaumaturge (Formicid Cinder Acolyte)   Turns: 12582, Time: 01:04:58

Health: -8/81      AC:  4    Str: 20    XL:     11   Next: 3%
Magic:  11/24      EV: 12    Int: 29    God:    Ignis [*****.]
Gold:   315        SH:  4    Dex:  9    Spells: 23/29 levels left

rFire   + . .      SeeInvis +    a - +0 scimitar (protect)
rCold   . . .      Faith    .    G - +0 buckler
rNeg    . . .      Spirit   .    b - +0 robe
rPois   .          Reflect  .    (helmet unavailable)
rElec   .          Rampage  .    B - +1 cloak
rCorr   .                        (no gloves)
Will    +....                    (no boots)
Stlth   ++                       (no amulet)
HPRegen 0.33/turn                E - +6 ring of intelligence
MPRegen 0.19/turn                k - +6 ring of intelligence

@: no status effects
A: permanent stasis, dig shafts and tunnels, antennae 3, four strong arms
a: Dig, Shaft Self, Renounce Religion, Fiery Armour, Foxfire Swarm, Rising Flame


You were on level 13 of the Dungeon.
You worshipped Ignis.
Ignis was extremely pleased with you.
You visited 1 branch of the dungeon, and saw 12 of its levels.

You collected 518 gold pieces.
You spent 203 gold pieces at shops.

Inventory:

Hand Weapons
 a - a +0 scimitar of protection (weapon)
 f - a -1 falchion of flaming
 p - a +3 scimitar
 r - a +2 trident of holy wrath
 s - a +2 dagger of flaming
 v - a +1 dagger of venom
 I - a +3 scimitar
 L - a +0 triple sword
Missiles
 c - 3 boomerangs
 d - 22 poisoned darts
 j - 2 throwing nets
 u - a curare-tipped dart
 M - 2 silver javelins (quivered)
Armour
 b - a +0 robe (worn)
 B - a +1 cloak (worn)
 G - a +0 buckler (worn)
Jewellery
 i - a ring of flight
 k - a +6 ring of intelligence (right hand)
 E - a +6 ring of intelligence (left hand)
Wands
 h - a wand of light (5)
 C - a wand of flame (4)
Scrolls
 e - 3 scrolls of blinking {unknown}
 o - 2 scrolls of enchant weapon {unknown}
 t - 2 scrolls of brand weapon {unknown}
 w - a scroll of poison {unknown}
 x - a scroll of magic mapping {unknown}
 y - 4 scrolls of teleportation {unknown}
 z - a scroll of summoning {unknown}
 D - a scroll of amnesia {unknown}
 H - a scroll of fear {unknown}
 O - a scroll of noise {unknown}
Potions
 g - 3 potions of might
 l - 3 potions of cancellation
 m - 2 potions of brilliance {unknown}
 n - a potion of flight
 q - a potion of heal wounds
 A - a potion of experience
 F - a potion of lignification {unknown}
 J - 2 potions of resistance
 K - a potion of curing
 N - a potion of invisibility {unknown}


   Skills:
 + Level 5.7 Fighting
 + Level 5.6 Long Blades
 + Level 2.0 Throwing
 + Level 2.9 Dodging
 + Level 3.3 Stealth
 + Level 4.1 Shields
 + Level 9.6 Spellcasting
 * Level 4.8 Necromancy
 + Level 7.8 Fire Magic


You had 23 spell levels left.
You knew the following spells:

 Your Spells              Type           Power      Damage    Failure   Level
o - Scorch                Fire           100%       2d10      1%          2
u - Dispel Undead         Necr           42%        3d17      6%          4

Your spell library contained the following spells:

 Spells                   Type           Power      Damage    Failure   Level
 Inner Flame              Hex/Fire       36%        N/A       2%          3
 Cigotuvi's Dreadful Rot  Necr/Pois/Air  46%        N/A       3%          2
 Ensorcelled Hibernation  Hex/Ice        26%        N/A       8%          2
 Passwall                 Tmut/Erth      10%        N/A       8%          2
 Dazzling Flash           Conj/Hex       26%        N/A       14%         3
 Cause Fear               Hex            6%         N/A       43%         4
 Iskenderun's Mystic Bla  Conj/Tloc      13%        2d5       43%         4
 Manifold Assault         Tloc           13%        N/A       43%         4
 Summon Lightning Spire   Summ/Air       13%        N/A       43%         4
 Death Channel            Necr           21%        N/A       69%         6
 Starburst                Conj/Fire      18%        6d7       82%         6
 Dispersal                Tloc           6%         N/A       100%        6
 Storm Form               Tmut/Air       6%         N/A       100%        7
 Discord                  Hex            6%         N/A       100%        8
 Disjunction              Tloc           6%         N/A       100%        8
 Maxwell's Capacitive Co  Air            6%         ∞         100%        8
 Swiftness                Air            Unusable   N/A       N/A         3

Dungeon Overview and Level Annotations

Branches:
Dungeon (14/15)            Temple (0/1) D:7          Vaults (0/5) D:13
   Lair: D:8-11         Orc: D:9-12

Altars:
Dithmenos
Makhleb
Sif Muna
Zin

Shops:
D:3 (   D:6 (

Portals:
Abyss: D:3

Annotations:
D:3 2 transporters, ZappyNine's ghost, amateur OgTm
D:4 2 transporters, relicbr's ghost, weakling SpDe


Innate Abilities, Weirdness & Mutations

You cannot be hasted, slowed, berserked, paralysed or teleported.
You can dig through walls and to a lower floor.
You have a pair of large antennae on your head. (SInv)
Your four strong arms can wield two-handed weapons with a shield.


Message History

The centaur warrior barely misses you. The centaur warrior kicks you.
You hit the centaur warrior.
Your weapon exudes an aura of protection.
The centaur warrior is lightly wounded.
The centaur warrior hits you but does no damage.
The centaur warrior kicks you but does no damage.
The centaur warrior hits you!
The centaur warrior kicks you but does no damage.
Casting: Scorch (safe; 1% risk of failure)
Confirm with . or Enter, or press ? or * to list all spells.
Flames lash the centaur warrior.
The centaur warrior is lightly wounded.
The centaur warrior's fire resistance burns away.
The centaur warrior hits you.
* * * LOW HITPOINT WARNING * * *
The centaur warrior closely misses you.
Casting: Scorch (safe; 1% risk of failure)
Confirm with . or Enter, or press ? or * to list all spells.
Flames lash the centaur warrior.
The centaur warrior is burned terribly!
The centaur warrior is heavily wounded.
The centaur warrior closely misses you. The centaur warrior barely misses you.
The centaur warrior hits you.
* * * LOW HITPOINT WARNING * * *
The centaur warrior closely misses you.
Casting: Scorch (safe; 1% risk of failure)
Confirm with . or Enter, or press ? or * to list all spells.
Flames lash the centaur warrior.
The centaur warrior is burned terribly!
The centaur warrior is heavily wounded.
The centaur warrior hits you.
* * * LOW HITPOINT WARNING * * *
You block the centaur warrior's attack.
Casting: Scorch (safe; 1% risk of failure)
Confirm with . or Enter, or press ? or * to list all spells.
Flames lash the centaur warrior.
The centaur warrior is burned terribly!
The centaur warrior is almost dead.
The centaur warrior hits you!
* * * LOW HITPOINT WARNING * * *
The centaur warrior completely misses you.
The centaur warrior hits you!
You die...

.........# #.....#
.......(.# #.....#####
.........######..........
.........................
.........................
[........................
..##++####...............
..# #........####### ..#
#......@.# ..# #......c.+
..# #......### #......
#...... ....... .......
.......


You could see a centaur warrior (combustible).

Vanquished Creatures
  A two-headed ogre (D:14)
  An ugly thing (D:13)
  A freezing wraith (D:13)
  2 hornets
  A slime creature (D:9)
  A steam dragon (D:6)
  4 water moccasins
  3 orc warriors
  A sky beast (D:8)
  4 ice beasts
  2 black bears
  3 ogres
  A phantom (D:5)
  A kobold brigand (D:6)
  2 bullfrogs
  2 gnoll sergeants
  A scorpion (D:5)
  5 wights (D:8)
  7 killer bees
  A howler monkey (D:12)
  Crazy Yiuf (D:7)
  2 jellies
  4 orc priests
  3 gnoll boudas
  2 hounds (D:5)
  2 sleepcaps
  5 iguanas
  7 orc wizards
  15 gnolls
  6 adders
  A shadow imp (D:7)
  A white imp (D:4)
  2 worms (D:4)
  4 dart slugs
  32 orcs
  8 ball pythons
  6 endoplasms
  4 giant cockroaches
  7 hobgoblins
  8 jackals
  4 quokkas
  7 bats
  3 frilled lizards
  10 goblins
  12 kobolds
  7 rats
207 creatures vanquished.

Vanquished Creatures (others)
  51 fungi (D:9)
  64 plants (D:9)
115 creatures vanquished.

Grand Total: 322 creatures vanquished

Notes
Turn   | Place    | Note
-------+----------+-------------------------------------------
     0 | D:1      | Esekla the Formicid Cinder Acolyte began the quest for the
                  | Orb.
     0 | D:1      | Reached XP level 1. HP: 18/18 MP: 2/2
   286 | D:1      | Reached XP level 2. HP: 12/24 MP: 3/3
   289 | D:1      | Learned a level 2 spell: Scorch
   659 | D:1      | Reached XP level 3. HP: 28/29 MP: 4/4
  1248 | D:2      | Reached XP level 4. HP: 37/37 MP: 6/6
  2413 | D:3      | Reached skill level 2 in Spellcasting
  2484 | D:3      | Found a transporter.
  2488 | D:3      | Reached XP level 5. HP: 42/42 MP: 5/8
  2488 | D:3      | Found a transporter.
  2538 | D:3      | Noticed a small abomination
  2668 | D:3      | Noticed a kobold brigand
  2668 | D:3      | Noticed ZappyNine's ghost (amateur OgTm)
  2948 | D:3      | Found Yqas's Weapon Boutique.
  3076 | D:3      | Found a one-way gate to the infinite horrors of the Abyss.
  3143 | D:3      | Reached skill level 3 in Spellcasting
  3441 | D:4      | Found a transporter.
  3445 | D:4      | Noticed relicbr's ghost (weakling SpDe)
  3445 | D:4      | Noticed a centaur
  3447 | D:4      | Found a transporter.
  3576 | D:4      | Reached skill level 1 in Dodging
  3597 | D:4      | Reached XP level 6. HP: 45/48 MP: 5/10
  3750 | D:4      | Identified the +6 scale mail "Wemorudu" {rPois rF+ rC-
                  | Dex+3}
  3933 | D:4      | Reached skill level 1 in Stealth
  4377 | D:5      | Entered Level 5 of the Dungeon
  4377 | D:5      | Noticed a black bear
  4424 | D:4      | Killed a black bear
  4425 | D:4      | Reached skill level 4 in Spellcasting
  4723 | D:5      | Found a shimmering blue altar of Sif Muna.
  4757 | D:5      | Reached XP level 7. HP: 55/55 MP: 6/13
  4896 | D:5      | Noticed a hornet
  4902 | D:5      | Killed a hornet
  4903 | D:5      | Reached skill level 5 in Spellcasting
  5196 | D:5      | Noticed a water moccasin
  5201 | D:5      | Killed a water moccasin
  5369 | D:6      | Found Jidok's Antique Weapon Shoppe.
  5381 | D:5      | Reached XP level 8. HP: 60/61 MP: 9/16
  5623 | D:6      | Found a burning altar of Makhleb.
  5660 | D:6      | Bought a runed scimitar for 203 gold pieces
  5940 | D:5      | Reached skill level 6 in Spellcasting
  5942 | D:5      | Reached skill level 5 in Fighting
  6237 | D:6      | Reached skill level 1 in Shields
  6311 | D:6      | Reached skill level 5 in Fire Magic
  6656 | D:6      | Upgraded the game from 0.30-a0-924-g0ad0bf95bc to
                  | 0.30-a0-930-gb9d0489357
  6747 | D:7      | Found a runed translucent door.
  6748 | D:7      | Noticed Crazy Yiuf
  6854 | D:7      | Reached XP level 9. HP: 43/68 MP: 8/19
  7152 | D:6      | Reached skill level 7 in Spellcasting
  7815 | D:6      | Reached skill level 1 in Necromancy
  8245 | D:5      | Reached skill level 8 in Spellcasting
  8924 | D:7      | Reached skill level 5 in Long Blades
  8931 | D:7      | Reached skill level 1 in Throwing
  8985 | D:7      | Found a staircase to the Ecumenical Temple.
  9251 | D:8      | Learned a level 4 spell: Dispel Undead
  9304 | D:8      | Reached XP level 10. HP: 71/73 MP: 17/22
  9461 | D:8      | Found a glowing silver altar of Zin.
 11526 | D:7      | Killed Crazy Yiuf
 11705 | D:9      | Reached skill level 9 in Spellcasting
 11986 | D:9      | Found a shadowy altar of Dithmenos.
 12045 | D:9      | Identified the +1 ring mail of the Wilderness {rElec rF+
                  | rC+ Str+3}
 12048 | D:9      | Noticed a two-headed ogre
 12092 | D:9      | You fall into a shaft and drop 3 floors!
 12102 | D:12     | Noticed a tengu warrior
 12106 | D:12     | Noticed a brown ugly thing
 12117 | D:13     | Noticed an orc knight
 12117 | D:13     | Noticed a boulder beetle
 12117 | D:13     | Noticed a two-headed ogre
 12117 | D:13     | Found a gate to the Vaults.
 12119 | D:13     | Noticed a centaur warrior
 12129 | D:12     | You fall into a shaft and drop 2 floors!
 12281 | D:14     | Noticed a two-headed ogre
 12316 | D:14     | Killed a two-headed ogre
 12509 | D:14     | Noticed a freezing wraith
 12513 | D:14     | Noticed a death knight
 12519 | D:13     | Killed a freezing wraith
 12533 | D:13     | Noticed a purple ugly thing
 12548 | D:13     | Killed a purple ugly thing
 12549 | D:13     | Reached XP level 11. HP: 65/81 MP: 13/24
 12573 | D:13     | Noticed a centaur warrior
 12582 | D:13     | Mangled by a centaur warrior

Illustrated notes

Levels and vault maps discovered:
D:1:      dpeg_arrival_refuge, layout_loops_ring, minmay_pentomino_w2
D:2:      layout_basic
D:3:      layout_loops_ring, serial_shops, nicolae_shop_bloodbath_and_beyond,
          gammafunk_ghost_abyssal_escape
D:4:      layout_basic, gammafunk_ghost_arena, minmay_fire_ice_demons
D:5:      minmay_bubble_buster, layout_rooms, old_standard_altar
D:6:      layout_rooms, kennysheep_mini, serial_shops, shop, dk_noncrumbling_4,
          reono_crystal_passage
D:7:      layout_cave_pools, minmay_temple_entry_ruins, uniq_crazy_yiuf_cottage
D:8:      layout_layer_cave, zin_academy, roderic_st_hans_cross
D:9:      layout_basic, nicolae_dithmenos_through_a_glass_darkly,
          due_lair_maze_entry_diamond
D:12:     layout_rooms
D:13:     layout_irregular_city, david_vaults_3
D:14:     layout_rooms, hangedman_decor_diamond_cutter,
          nemelex_lonely_heart_becter

Skill      XL: |  1  2  3  4  5  6  7  8  9 10 |
---------------+-------------------------------+-----
Long Blades    | 4 5 |  5.6
Spellcasting   | 2 3 4 5 6 8 9 |  9.6
Fighting       | 4 5 |  5.7
Dodging        | 1 2 |  2.9
Stealth        | 1 2 3 |  3.3
Fire Magic     | 4 5 6 7 |  7.8
Shields        | 2 3 4 |  4.1
Necromancy     | 2 4 |  4.8
Throwing       | 1 2 |  2.0

Action                     |  1- 3 |  4- 6 |  7- 9 | 10-12 || total
---------------------------+-------+-------+-------+-------++-------
  Melee: Falchion          |    98 |   122 |    15 |       ||   235
         Punch             |       |     2 |       |       ||     2
         Scimitar          |       |       |    59 |    60 ||   119
         Dagger            |       |       |     9 |       ||     9
  Throw: Boomerang         |       |       |     6 |     7 ||    13
         Dart              |       |       |    20 |    11 ||    31
         Javelin           |       |       |       |     4 ||     4
   Cast: Scorch            |     6 |    54 |   123 |    83 ||   266
         Dispel Undead     |       |       |       |     5 ||     5
 Invoke: Fiery Armour      |       |       |       |     1 ||     1
Ability: Shaft Self        |       |       |       |     2 ||     2
  Evoke: Wand              |       |       |     1 |       ||     1
    Use: Scroll            |       |     4 |     3 |       ||     7
         Potion            |       |     2 |       |     2 ||     4
   Stab: Sleeping          |     1 |     1 |     1 |     1 ||     4
 Armour: Robe              |    17 |    42 |    35 |    28 ||   122
  Dodge: Dodged            |    59 |    80 |   127 |    70 ||   336
  Block: Buckler           |       |       |    22 |    23 ||    45

Table legend: (Time is in decaauts)
 A = Elapsed time spent in this place.
 B = Non-inter-level travel time spent in this place.
 C = Inter-level travel time spent in this place.
 D = Time resting spent in this place.
 E = Time spent auto-exploring this place.
 F = Levels seen in this place.
 G = Mean time per level.
                   A        B        C        D        E       F      G
               +--------+--------+--------+--------+--------+-----+--------+
         Total |  12660 |  12280 |    380 |   4284 |   3401 |  12 | 1055.0 |
       Dungeon |  12660 |  12280 |    380 |   4284 |   3401 |  12 | 1055.0 |
               +--------+--------+--------+--------+--------+-----+--------+

Top non-repeatable levels by time:
     D:6: 2005 daAuts
     D:8: 1895 daAuts
     D:5: 1792 daAuts
     D:4: 1403 daAuts
     D:2: 1331 daAuts
     D:1: 1143 daAuts
     D:7: 976 daAuts
     D:3: 830 daAuts
     D:9: 791 daAuts
    D:14: 386 daAuts
    D:13: 70 daAuts
    D:12: 34 daAuts
